 Dungeon Crawl Stone Soup version 0.31.0-32-g396128a36d (webtiles) character file.

Game seed: 14003335526050185846

354 Henri the Ruffian (level 6, -4/37 (42) HPs)
             Began as an Octopode Shapeshifter on Apr 7, 2024.
             Slain by Edmund
             ... wielding a +3 dire flail of draining
              (8 damage)
             ... on level 4 of the Dungeon.
             The game lasted 00:06:29 (2134 turns).

Henri the Ruffian (Octopode Shapeshifter)           Turns: 2134, Time: 00:06:30

HP:   -4/37 (42)    AC:  1    Str: 15    XL:     6   Next: 63%
MP:   6/6           EV: 13    Int: 13    God:
Gold: 151           SH:  0    Dex: 11    Spells: 5/5 levels left

rFire   . .          .
                       - Unarmed
rCold   . . .        (no shield)
rNeg    . . .        (helmet currently unavailable)
rPois   .            (no amulet)
rElec   .            l - ring of see invisible
rCorr   .            (no ring)
SInv    +            (no ring)
Will    .....        (no ring)
Stlth   ++           (no ring)
HPRegen 0.26/turn    (no ring)
MPRegen 0.10/turn    (no ring)
                     (no ring)

%: no passive effects
@: beast-form, heavily drained
A: beast (slay +2), almost no armour, amphibious, 8 rings, camouflage 1,
gelatinous body 1, (nimble swimmer 1), tentacles
a: Begin Untransformation


You were on level 4 of the Dungeon.
You were a hulking beast.
You visited 1 branch of the dungeon, and saw 4 of its levels.

You collected 190 gold pieces.
You spent 39 gold pieces at shops.

Inventory:

Missiles
 d - 10 poisoned darts (quivered)
Jewellery
 l - a ring of see invisible (left tentacle)
Talismans
 b - a beast talisman
 c - a flux talisman
Scrolls
 f - a scroll of fear
 h - 3 scrolls of immolation
Potions
 a - a potion of lignification
 g - a potion of might
 i - a potion of attraction
 j - a potion of degeneration


   Skills:
 + Level 3.6 Fighting
 - Level 2.0 Dodging
 * Level 5.9 Unarmed Combat
 - Level 3.5 Shapeshifting


You had 5 spell levels left.
You didn't know any spells.
Your spell library contained the following spells:

 Spells                   Type           Power      Damage    Failure   Level
 Sandblast                Erth           0%         2d4       30%         1
 Passwall                 Erth           0%         N/A       67%         3
 Stone Arrow              Conj/Erth      0%         3d7       67%         3
 Brom's Barrelling Bould  Conj/Erth      0%         2d3       97%         4


Dungeon Overview and Level Annotations

Branches:
Dungeon (4/15)
 Temple: D:4-7

Altars:
Okawaru
Wu Jian

Shops:
D:3 !

Annotations:
D:3 return with dig
D:4 Edmund


Innate Abilities, Weirdness & Mutations

You are a hulking beast.
Your limbs bulge with bestial killing power. (Slay +2)
You cannot wear most types of armour.
You are amphibious.
You can wear up to eight rings at the same time.
Your skin changes colour to match your surroundings (Stealth+).
Your rubbery body absorbs attacks. (AC +1, EV +1)
((You are camouflaged when in or above water. (Stealth+)))
You have tentacles for arms and can constrict up to eight enemies at once.


Message History

You kill the jackal!
You barely miss the jackal. Your grab misses the jackal.
The jackal bites you but does no damage.
You barely miss the jackal. You grab the jackal. You squeeze the jackal.
You kill the jackal!
The goblin barely misses you.
You tentacle-slap the goblin.
You kill the goblin!
Things that are here:
a +0 dagger; a jackal corpse You start resting.
HP restored.
You now have 151 gold pieces (gained 11).
Edmund the Younger comes into view.
He is wielding a +3 dire flail of draining.
Edmund shouts!
Edmund hits you with a +3 dire flail of draining!
You feel drained.
You barely miss Edmund. You grab Edmund. You constrict Edmund.
Edmund hits you with a +3 dire flail of draining!
* * * LOW HITPOINT WARNING * * *
You feel drained.
* * * LOW HITPOINT WARNING * * *
Unknown command.
You feel better.
You constrict Edmund.
Edmund hits you with a +3 dire flail of draining!
* * * LOW HITPOINT WARNING * * *
You feel drained.
* * * LOW HITPOINT WARNING * * *
You completely miss Edmund.
Edmund is lightly wounded.
You constrict Edmund. Edmund completely misses you.
You tentacle-slap Edmund but do no damage.
Edmund is moderately wounded.
You constrict Edmund. You tentacle-slap Edmund.
Edmund is moderately wounded.
You constrict Edmund.
Edmund hits you with a +3 dire flail of draining!
You die...
Edmund says, "I'd like to see a scythe do that!"

#....#.#
#.##.###.
#......#
#.##.#
.......#
#.##.#
#.#.####
#.##.#
#.#.#
#.##.#
#.#.#
#.##.#
..#+##
#.##.###.#
##...##
#........#
#.....##
####h#####
.......##
#@#
........#
...
...)....+
.....
........#
....###
.......##
#....#
#.....##
#.#.##
##...##
#.#. ##+##


You could see Edmund.

Vanquished Creatures
  Grinder (D:3)
  Jessica (D:3)
  4 gnolls
  2 adders
  2 ribbon worms (D:2)
  An orc (D:4)
  8 ball pythons
  9 endoplasms
  3 giant cockroaches
  8 goblins
  5 hobgoblins
  3 jackals (D:4)
  3 quokkas
  6 bats
  6 frilled lizards
  4 kobolds
  9 rats
75 creatures vanquished.

Notes
Turn   | Place    | Note
-------+----------+-------------------------------------------
     0 | D:1      | Henri the Octopode Shapeshifter began the quest for the
                  | Orb.
     0 | D:1      | Reached XP level 1. HP: 13/13 MP: 1/1
    36 | D:1      | Reached XP level 2. HP: 18/18 MP: 2/2
   266 | D:1      | Reached XP level 3. HP: 23/23 MP: 3/3
   639 | D:2      | You fall into a shaft and drop 1 floor!
   649 | D:3      | Noticed Jessica
   842 | D:2      | Reached XP level 4. HP: 29/29 MP: 4/4
   860 | D:1      | Reached skill level 4 in Unarmed Combat
  1377 | D:3      | Found Umparyr's Distillery.
  1381 | D:3      | Noticed Grinder
  1389 | D:3      | Reached XP level 5. HP: 35/35 MP: 5/5
  1390 | D:3      | Paralysed by Grinder for 3 turns
  1429 | D:3      | Bought a potion of curing for 39 gold pieces
  1451 | D:3      | Killed Grinder
  1452 | D:3      | Reached skill level 5 in Unarmed Combat
  1452 | D:3      | Reached XP level 6. HP: 25/42 MP: 6/6
  1578 | D:3      | Found a faded altar of an unknown god.
  1599 | D:3      | Killed Jessica
  1657 | D:3      | Found an iron altar of Okawaru.
  1862 | D:3      | Found an ornate altar of the Wu Jian Council.
  2128 | D:4      | Noticed Edmund
  2134 | D:4      | Slain by Edmund

Illustrated notes

Levels and vault maps discovered:
D:1:      wander_arrival_desolate, layout_rooms
D:2:      layout_rooms
D:3:      layout_loops_cross, mainiacjoe_overflow_24_doors,
          kennysheep_okawaru_gauntlet, nicolae_ecumenical_lake_church,
          serial_shops, nicolae_shop_industrial_runoff, item_on_display_a,
          uniq_jessica, uniq_grinder
D:4:      layout_loops_corners, uniq_edmund

Skill      XL: |  1  2  3  4  5 |
---------------+----------------+-----
Fighting       | 2 3 |  3.6
Unarmed Combat | 4 5 |  5.9
Dodging        | |  2.0
Shapeshifting  | |  3.5

Action                     |  1- 3 |  4- 6 || total
---------------------------+-------+-------++-------
  Melee: Unarmed           |    73 |    71 ||   144
         Constrict         |    18 |    17 ||    35
         Tentacles         |    13 |    14 ||    27
         Punch             |     1 |     2 ||     3
    Use: Scroll            |     3 |     2 ||     5
         Potion            |       |     1 ||     1
   Stab: Sleeping          |     3 |     2 ||     5
         Distracted        |     1 |       ||     1
 Armour: Skin              |    21 |    21 ||    42
  Dodge: Dodged            |    40 |    45 ||    85
